TOP OF THE 1ST |
York Revolution batting - Pitching for Canton Indians : RHP John Bychyk
|
Pitching: RHP John Bychyk
|
|
Batting: RHB Eddie Serna
|
0-0: Called Strike 0-1: Ball 1-1: Ground out 5-3 (Groundball, 56, EV 107.5 MPH)
|
Batting: LHB Dennis French
|
0-0: Called Strike 0-1: Called Strike 0-2: Ball 1-2: Ball 2-2: Ball 3-2: Foul Ball, location: 2F 3-2: Ground out 3-1 (Groundball, 34S, EV 88.1 MPH)
|
Batting: LHB Mike Hawk
|
0-0: Foul Ball, location: 2F 0-1: Ball 1-1: Swinging Strike 1-2: Foul Ball, location: 2F 1-2: Ball 2-2: Ball 3-2: Base on Balls
|
Batting: LHB Ryan Young
|
0-0: Called Strike 0-1: Ground out 4-3 (Groundball, 4, EV 98.8 MPH)
|
Top of the 1st over - 0 runs, 0 hits, 0 errors, 1 left on base; York 0 - Canton 0 |
BOTTOM OF THE 1ST |
Canton Indians batting - Pitching for York Revolution : LHP Dave Serna
|
Pitching: LHP Dave Serna
|
|
Batting: RHB Xavier Bartolani
|
0-0: Ball 1-0: DOUBLE (Line Drive, 7LM, EV 99.4 MPH)
|
Batting: RHB Willie Toral
|
0-0: Ball 1-0: Ball 2-0: Ground out 3-1 (Groundball, 34, EV 85.6 MPH) Xavier Bartolani to third
|
Batting: RHB Tony Gonzales
|
0-0: Ball 1-0: Ball 2-0: SINGLE (Groundball, 6MD, EV 95.0 MPH) Xavier Bartolani scores
|
Batting: RHB Rob Marti
|
0-0: Ball 1-0: SINGLE (Line Drive, 4MD, EV 95.0 MPH) Tony Gonzales to second
|
Batting: SHB Bob Ledlow
|
0-0: Called Strike 0-1: Swinging Strike 0-2: Ball 1-2: Strikes out swinging
|
Batting: RHB Russ Kennett
|
0-0: Ball 1-0: Called Strike 1-1: Foul Ball, location: 2F 1-2: Strikes out swinging
|
Bottom of the 1st over - 1 run, 3 hits, 0 errors, 2 left on base; York 0 - Canton 1 |
TOP OF THE 2ND |
York Revolution batting - Pitching for Canton Indians : RHP John Bychyk
|
Batting: RHB Juan Gonzalez
|
0-0: Ball 1-0: Called Strike 1-1: Foul Ball, location: 2F 1-2: Foul Ball, location: 2F 1-2: Strikes out swinging
|
Batting: RHB Nick Maxwell
|
0-0: Called Strike 0-1: Foul Ball, location: 2F 0-2: Foul Ball, location: 2F 0-2: Ball 1-2: SOLO HOME RUN (Flyball, 7D, EV 100.6 MPH), Distance : 386 ft
|
Batting: RHB Teh-huai Jiang
|
0-0: Foul Ball, location: 2F 0-1: Ball 1-1: Ball 2-1: Foul Ball, location: 2F 2-2: Foul Ball, location: 2F 2-2: Foul Ball, location: 2F 2-2: Ball 3-2: Foul Ball, location: 2F 3-2: Foul Ball, location: 2F 3-2: Foul Ball, location: 2F 3-2: Base on Balls
|
Batting: RHB Dan Shaffer
|
0-0: Called Strike 0-1: Swinging Strike 0-2: Strikes out swinging
|
Batting: RHB Jose Hurtado
|
0-0: Ball 1-0: Foul Ball, location: 2F 1-1: Ball 2-1: Swinging Strike 2-2: Ball 3-2: Strikes out swinging
|
Top of the 2nd over - 1 run, 1 hit, 0 errors, 1 left on base; York 1 - Canton 1 |
BOTTOM OF THE 2ND |
Canton Indians batting - Pitching for York Revolution : LHP Dave Serna
|
Batting: LHB Jason Kessler
|
0-0: Foul Ball, location: 2F 0-1: Ball 1-1: Ball 2-1: Foul Ball, location: 2F 2-2: Fly out, F8 (Flyball, 8LXD, EV 101.9 MPH)
|
Batting: RHB Ryan Paquette
|
0-0: Called Strike 0-1: Ball 1-1: Ball 2-1: Ground out 5-3 (Groundball, 56, EV 106.2 MPH)
|
Batting: SHB Jose Abreu
|
0-0: Called Strike 0-1: Ball 1-1: Ball 2-1: Fly out, F7 (Line Drive, 7LM, EV 93.1 MPH)
|
Bottom of the 2nd over - 0 runs, 0 hits, 0 errors, 0 left on base; York 1 - Canton 1 |
TOP OF THE 3RD |
York Revolution batting - Pitching for Canton Indians : RHP John Bychyk
|
Batting: RHB Eddie Serna
|
0-0: Called Strike 0-1: Ball 1-1: Foul Ball, location: 2F 1-2: Foul Ball, location: 2F 1-2: Ball 2-2: Strikes out swinging
|
Batting: LHB Dennis French
|
0-0: Ball 1-0: Ground out 6-3 (Groundball, 6, EV 105.6 MPH)
|
Batting: LHB Mike Hawk
|
0-0: Ball 1-0: Called Strike 1-1: Ball 2-1: Foul Ball, location: 2F 2-2: Strikes out looking
|
Top of the 3rd over - 0 runs, 0 hits, 0 errors, 0 left on base; York 1 - Canton 1 |
BOTTOM OF THE 3RD |
Canton Indians batting - Pitching for York Revolution : LHP Dave Serna
|
Batting: RHB Xavier Bartolani
|
0-0: Ball 1-0: Called Strike 1-1: Swinging Strike 1-2: Ball 2-2: Ball 3-2: Fly out, F8 (Flyball, 8RD, EV 89.4 MPH)
|
Batting: RHB Willie Toral
|
0-0: Ground out 5-3 (Groundball, 56, EV 99.4 MPH)
|
Batting: RHB Tony Gonzales
|
0-0: Called Strike 0-1: Swinging Strike 0-2: Ball 1-2: Ball 2-2: Strikes out looking
|
Bottom of the 3rd over - 0 runs, 0 hits, 0 errors, 0 left on base; York 1 - Canton 1 |
TOP OF THE 4TH |
York Revolution batting - Pitching for Canton Indians : RHP John Bychyk
|
Batting: LHB Ryan Young
|
0-0: Ball 1-0: Ball 2-0: SOLO HOME RUN (Flyball, 9D, EV 104.4 MPH), Distance : 382 ft
|
Batting: RHB Juan Gonzalez
|
0-0: Foul Ball, location: 2F 0-1: Swinging Strike 0-2: Foul Ball, location: 2F 0-2: Ball 1-2: Strikes out looking
|
Batting: RHB Nick Maxwell
|
0-0: Ball 1-0: Called Strike 1-1: Swinging Strike 1-2: Foul Ball, location: 2F 1-2: Ball 2-2: Strikes out swinging
|
Batting: RHB Teh-huai Jiang
|
0-0: Ball 1-0: Foul Ball, location: 2F 1-1: Foul Ball, location: 2F 1-2: Foul Ball, location: 2F 1-2: Foul Ball, location: 2F 1-2: Fly out, F9 (Flyball, 9, EV 90.6 MPH)
|
Top of the 4th over - 1 run, 1 hit, 0 errors, 0 left on base; York 2 - Canton 1 |
BOTTOM OF THE 4TH |
Canton Indians batting - Pitching for York Revolution : LHP Dave Serna
|
Batting: RHB Rob Marti
|
0-0: Ball 1-0: Ball 2-0: Called Strike 2-1: Foul Ball, location: 2F 2-2: Ball 3-2: Strikes out looking
|
Batting: SHB Bob Ledlow
|
0-0: SINGLE (Groundball, 34D, EV 93.8 MPH)
|
Batting: RHB Russ Kennett
|
0-0: Ball 1-0: Ball 2-0: Called Strike 2-1: Ball 3-1: Foul Ball, location: 2F 3-2: Strikes out looking
|
Batting: LHB Jason Kessler
|
0-0: SINGLE (Line Drive, 9LS, EV 99.4 MPH) Bob Ledlow to second Runner from 2nd tries for 3rd, SAFE, throw by RF made to third
|
Batting: RHB Ryan Paquette
|
0-0: Ball 1-0: Ball 2-0: Ball 3-0: Called Strike 3-1: Fly out, F9 (Flyball, 9S, EV 96.2 MPH)
|
Bottom of the 4th over - 0 runs, 2 hits, 0 errors, 2 left on base; York 2 - Canton 1 |
TOP OF THE 5TH |
York Revolution batting - Pitching for Canton Indians : RHP John Bychyk
|
Batting: RHB Dan Shaffer
|
0-0: Ball 1-0: Fly out, F8 (Flyball, 8RD, EV 83.8 MPH)
|
Batting: RHB Jose Hurtado
|
0-0: Called Strike 0-1: Ball 1-1: Foul Ball, location: 2F 1-2: Strikes out swinging
|
Batting: RHB Eddie Serna
|
0-0: Ball 1-0: Ball 2-0: SOLO HOME RUN (Flyball, 7D, EV 101.9 MPH), Distance : 377 ft
|
Batting: LHB Dennis French
|
0-0: Ball 1-0: Ground out 4-3 (Groundball, 4, EV 81.9 MPH)
|
Top of the 5th over - 1 run, 1 hit, 0 errors, 0 left on base; York 3 - Canton 1 |
BOTTOM OF THE 5TH |
Canton Indians batting - Pitching for York Revolution : LHP Dave Serna
|
Batting: SHB Jose Abreu
|
0-0: Ground out 5-3 (Groundball, 5L, EV 103.1 MPH)
|
Batting: RHB Xavier Bartolani
|
0-0: Ball 1-0: Foul Ball, location: 2F 1-1: SINGLE (Line Drive, 8RS, EV 105.0 MPH)
|
Batting: RHB Willie Toral
|
0-0: Ball Xavier Bartolani is caught stealing 2nd base 2-4 1-0: Ball 2-0: Ball 3-0: Base on Balls
|
Batting: RHB Tony Gonzales
|
0-0: Ball 1-0: Called Strike 1-1: Swinging Strike 1-2: Ball 2-2: Ball 3-2: Base on Balls Willie Toral to second
|
Batting: RHB Rob Marti
|
0-0: Ball 1-0: Called Strike 1-1: Foul Ball, location: 2F 1-2: Ball 2-2: Foul Ball, location: 2F 2-2: Fly out, F3 (Popup, 3SF, EV 66.2 MPH)
|
Bottom of the 5th over - 0 runs, 1 hit, 0 errors, 2 left on base; York 3 - Canton 1 |
TOP OF THE 6TH |
York Revolution batting - Pitching for Canton Indians : RHP John Bychyk
|
Batting: LHB Mike Hawk
|
0-0: Called Strike 0-1: SINGLE (Groundball, 34D, EV 95.0 MPH)
|
Batting: LHB Ryan Young
|
0-0: Ball 1-0: Ball 2-0: Ball 3-0: Called Strike 3-1: Base on Balls Mike Hawk to second
|
Batting: RHB Juan Gonzalez
|
0-0: Called Strike 0-1: Ball 1-1: Ball 2-1: Foul Ball, location: 2F 2-2: Fly out, F9 (Flyball, 9S, EV 90.6 MPH)
|
Pitching: RHP Abdul-Wadud Mazin
|
|
Batting: RHB Nick Maxwell
|
0-0: Called Strike 0-1: Ball 1-1: Called Strike 1-2: Foul Ball, location: 2F 1-2: Ball 2-2: Foul Ball, location: 2F 2-2: Foul Ball, location: 2F 2-2: Ball 3-2: 3-RUN HOME RUN (Flyball, 9D, EV 98.1 MPH), Distance : 389 ft
|
Batting: RHB Teh-huai Jiang
|
0-0: Ball 1-0: Foul Ball, location: 2F 1-1: Ground out 6-3 (Groundball, 6, EV 100.0 MPH)
|
Batting: RHB Dan Shaffer
|
0-0: Ball 1-0: Called Strike 1-1: Called Strike 1-2: Strikes out looking
|
Top of the 6th over - 3 runs, 2 hits, 0 errors, 0 left on base; York 6 - Canton 1 |
BOTTOM OF THE 6TH |
Canton Indians batting - Pitching for York Revolution : LHP Dave Serna
|
Pitching: LHP Josh Schmidt
|
|
Batting: SHB Bob Ledlow
|
0-0: Ball 1-0: Called Strike 1-1: Ball 2-1: Ball 3-1: Foul Ball, location: 2F 3-2: Strikes out swinging
|
Batting: RHB Russ Kennett
|
0-0: Fly out, F8 (Flyball, 8LD, EV 97.5 MPH)
|
Pinch Hitting: LHB Dorian Oram
|
0-0: Swinging Strike 0-1: Ball 1-1: Called Strike 1-2: SINGLE (Line Drive, 4D, EV 97.5 MPH)
|
Batting: RHB Ryan Paquette
|
0-0: Called Strike 0-1: Foul Ball, location: 2F 0-2: SINGLE (Line Drive, 6MD, EV 111.2 MPH) Dorian Oram to second Runner from 2nd tries for 3rd, SAFE, throw by CF made to third
|
Batting: SHB Jose Abreu
|
0-0: Foul Ball, location: 2F 0-1: Ball 1-1: Ball 2-1: Ball 3-1: Ground out 4-3 (Groundball, 34, EV 77.5 MPH)
|
Bottom of the 6th over - 0 runs, 2 hits, 0 errors, 2 left on base; York 6 - Canton 1 |
TOP OF THE 7TH |
York Revolution batting - Pitching for Canton Indians : RHP Abdul-Wadud Mazin
|
Now at 1B: Dorian Oram
|
|
Batting: RHB Jose Hurtado
|
0-0: Fly out, F3 (Popup, 34, EV 64.4 MPH)
|
Batting: RHB Eddie Serna
|
0-0: Ball 1-0: Called Strike 1-1: Ball 2-1: Swinging Strike 2-2: Ball 3-2: SINGLE (Groundball, 6S, EV 66.9 MPH) (infield hit)
|
Batting: LHB Dennis French
|
0-0: Ball 1-0: Called Strike 1-1: Swinging Strike 1-2: Foul Ball, location: 2F 1-2: Strikes out looking
|
Batting: LHB Mike Hawk
|
0-0: Called Strike 0-1: Swinging Strike 0-2: Ball 1-2: Foul Ball, location: 2F 1-2: Ball 2-2: Foul Ball, location: 2F 2-2: Ball 3-2: Strikes out swinging
|
Top of the 7th over - 0 runs, 1 hit, 0 errors, 1 left on base; York 6 - Canton 1 |
BOTTOM OF THE 7TH |
Canton Indians batting - Pitching for York Revolution : LHP Josh Schmidt
|
Batting: RHB Xavier Bartolani
|
0-0: Hit by Pitch
|
Batting: RHB Willie Toral
|
0-0: Ball 1-0: Fly out, F4 (Line Drive, 4, EV 75.0 MPH)
|
Batting: RHB Tony Gonzales
|
0-0: Called Strike 0-1: Ball 1-1: Called Strike 1-2: Ball 2-2: Foul Ball, location: 2F 2-2: Foul Ball, location: 2F 2-2: Fly out, F6 (Line Drive, 6, EV 67.5 MPH)
|
Batting: RHB Rob Marti
|
0-0: Called Strike 0-1: Foul Ball, location: 2F 0-2: Ball 1-2: Strikes out looking
|
Bottom of the 7th over - 0 runs, 0 hits, 0 errors, 1 left on base; York 6 - Canton 1 |
TOP OF THE 8TH |
York Revolution batting - Pitching for Canton Indians : RHP Abdul-Wadud Mazin
|
Batting: LHB Ryan Young
|
0-0: Ground out 1-3 (Groundball, 13S, EV 67.5 MPH)
|
Pinch Hitting: LHB Jessie Whedbee
|
0-0: Called Strike 0-1: Foul Ball, location: 2F 0-2: Strikes out swinging
|
Batting: RHB Nick Maxwell
|
0-0: Ball 1-0: Ball 2-0: Ground out 5-3 (Groundball, 56, EV 100.6 MPH)
|
Top of the 8th over - 0 runs, 0 hits, 0 errors, 0 left on base; York 6 - Canton 1 |
BOTTOM OF THE 8TH |
Canton Indians batting - Pitching for York Revolution : LHP Josh Schmidt
|
Now at 1B: Jason Duda
|
|
Batting: SHB Bob Ledlow
|
0-0: Ball 1-0: Foul Ball, location: 2F 1-1: Ball 2-1: SOLO HOME RUN (Flyball, 9LD, EV 96.2 MPH), Distance : 363 ft
|
Batting: RHB Russ Kennett
|
0-0: Called Strike 0-1: SOLO HOME RUN (Flyball, 7D, EV 104.4 MPH), Distance : 400 ft
|
Batting: LHB Dorian Oram
|
0-0: Ball 1-0: Ball 2-0: SINGLE (Line Drive, 56, EV 96.9 MPH)
|
Batting: RHB Ryan Paquette
|
0-0: Ball 1-0: Fly out, F5 (Popup, 56, EV 78.1 MPH)
|
Pinch Hitting: LHB Mike Humfleet
|
0-0: Called Strike 0-1: Swinging Strike 0-2: Strikes out looking
|
Batting: RHB Xavier Bartolani
|
0-0: Ball 1-0: Swinging Strike 1-1: Ball 2-1: Called Strike 2-2: Strikes out looking
|
Bottom of the 8th over - 2 runs, 3 hits, 0 errors, 1 left on base; York 6 - Canton 3 |
TOP OF THE 9TH |
York Revolution batting - Pitching for Canton Indians : RHP Abdul-Wadud Mazin
|
Pitching: LHP Sam Johnson
|
|
Now in RF: Mike Humfleet
|
|
Batting: RHB Teh-huai Jiang
|
0-0: Ball 1-0: Foul Ball, location: 2F 1-1: Swinging Strike 1-2: Ball 2-2: Foul Ball, location: 2F 2-2: Foul Ball, location: 2F 2-2: Ball 3-2: Foul Ball, location: 2F 3-2: Strikes out looking
|
Batting: RHB Dan Shaffer
|
0-0: Ball 1-0: SINGLE (Groundball, 4MD, EV 98.8 MPH)
|
Pinch Hitting: SHB Sam Fredrick
|
0-0: Ball 1-0: Foul Ball, location: 2F 1-1: Called Strike 1-2: Foul Ball, location: 2F 1-2: Ball 2-2: Ball 3-2: 2-RUN HOME RUN (Flyball, 78XD, EV 104.4 MPH), Distance : 427 ft
|
Batting: RHB Eddie Serna
|
0-0: Called Strike 0-1: Fly out, F8 (Flyball, 8RD, EV 102.5 MPH)
|
Batting: LHB Dennis French
|
0-0: Called Strike 0-1: Called Strike 0-2: Strikes out swinging
|
Top of the 9th over - 2 runs, 2 hits, 0 errors, 0 left on base; York 8 - Canton 3 |
BOTTOM OF THE 9TH |
Canton Indians batting - Pitching for York Revolution : LHP Josh Schmidt
|
Now at 3B: Bryant Dill
|
|
Batting: RHB Willie Toral
|
0-0: Ball 1-0: DOUBLE (Line Drive, 89D, EV 106.2 MPH)
|
Pitching: LHP Chad Torres
|
|
Batting: RHB Tony Gonzales
|
0-0: Ball 1-0: Fly out, F9 (Flyball, 9D, EV 95.0 MPH) Runner from 2nd tags up, SAFE at 3rd, no throw by RF
|
Batting: RHB Rob Marti
|
0-0: Ball 1-0: Ball 2-0: Ball 3-0: Called Strike 3-1: Base on Balls
|
Batting: RHB Quan Tai
|
0-0: Fly out, F9 (Flyball, 9LSF, EV 82.5 MPH)
|
Batting: RHB Russ Kennett
|
0-0: Called Strike 0-1: Fielders Choice at 2nd, 5-4 (Groundball, 56, EV 85.0 MPH)
|
Bottom of the 9th over - 0 runs, 1 hit, 0 errors, 2 left on base; York 8 - Canton 3 |
|